 Dungeon Crawl Stone Soup version 0.32-a0-172-gc5dd13f2a7 (webtiles) character file.

Game seed: 7650459917923213547

345 jasper the Conjurer (level 6, 0/34 HPs)
             Began as a Deep Elf Conjurer on Feb 12, 2024.
             Was an Initiate of Vehumet.
             Shot with an arrow by a centaur (7 damage)
             ... on level 5 of the Dungeon.
             The game lasted 00:07:01 (3685 turns).

jasper the Conjurer (Deep Elf Conjurer)             Turns: 3685, Time: 00:07:02

Health: 0/34       AC:  4    Str:  4    XL:     6   Next: 32%
Magic:  8/21       EV: 18    Int: 25    God:    Vehumet [......]
Gold:   135        SH:  0    Dex: 13    Spells: 0/11 levels left

rFire   . . .        d - +0 spear
rCold   . . .        (no shield)
rNeg    . . .        a - +0 robe
rPois   .            l - +1 helmet
rElec   .            (no cloak)
rCorr   .            (no gloves)
SInv    .            (no boots)
Will    .....        (no amulet)
Stlth   ++           j - ring of magical power
HPRegen 0.25/turn    k - +5 ring of evasion
MPRegen 0.17/turn

%: no passive effects
@: no status effects
A: no striking features
a: Renounce Religion


You were on level 5 of the Dungeon.
You worshipped Vehumet.
Vehumet was noncommittal.
You visited 2 branches of the dungeon, and saw 6 of its levels.

You collected 135 gold pieces.

Inventory:

Hand Weapons
 d - a +0 spear (weapon)
 f - a +3 dagger
Missiles
 g - 23 stones
 h - 5 poisoned darts
Armour
 a - a +0 robe (worn)
 l - a +1 helmet (worn)
Magical Staves
 o - a staff of air
Jewellery
 j - a ring of magical power (left hand)
 k - a +5 ring of evasion (right hand)
Wands
 c - a wand of iceblast (9)
 r - a wand of charming (7)
 s - a wand of flame (20)
Potions
 b - a potion of magic
 e - a potion of attraction
 i - a potion of might {unknown}
 m - 2 potions of brilliance
 n - a potion of heal wounds {unknown}
 p - 2 potions of haste {unknown}
 q - a potion of mutation {unknown}


   Skills:
 + Level 1.1 Fighting
 - Level 3.2 Dodging
 - Level 2.4 Stealth
 - Level 3.0 Spellcasting
 * Level 7.0 Conjurations
 * Level 0.6 Translocations
 - Level 3.1 Alchemy


You couldn't memorise any spells.
You knew the following spells:

 Your Spells              Type           Power      Damage    Failure   Level
a - Magic Dart            Conj           100%       1d8       1%          1
b - Searing Ray           Conj           78%        2d7       1%          2
c - Fulminant Prism       Conj/Alch      14%        3d8       12%         4
d - Iskenderun's Mystic   Conj/Tloc      23%        2d6       21%         4

Your spell library contained the following spells:

 Spells                   Type           Power      Damage    Failure   Level
 Hailstorm                Conj/Ice       21%        3d7       7%          3
 Summon Ice Beast         Ice/Summ       3%         N/A       30%         3
 Sculpt Simulacrum        Ice/Alch       5%         N/A       100%        6


Dungeon Overview and Level Annotations

Branches:
Dungeon (5/15)             Temple (1/1) D:4

Altars:
Ashenzari
Cheibriados
Dithmenos
Elyvilon
Fedhas
Gozag
Kikubaaqudgha
Makhleb
Okawaru
Qazlal
Ru
Vehumet
Wu Jian
Zin
The Shining One

Annotations:
D:3 1 runed translucent door, Crazy Yiuf
D:5 Duvessa


Message History

There is a stone staircase leading down here.
Your magical contamination has completely faded away.
You climb downwards.
The centaur shoots an arrow.
The arrow hits you.
The centaur shoots an arrow.
The arrow hits you!
A quokka comes into view.
There is a stone staircase leading up here.
You take 10 damage, and have 14/34 hp.
MASSIVE DAMAGE!!
What are your orders? t - Shout!
Orders for allies: a - Attack new target. r - Retreat! s - Stop attacking. g - Guard the area. f - Follow me.
Anything else - Cancel.
Gang up on whom?
Press: ? - help, Dir - move target, f - centaur
Aim: a centaur, wielding a +0 shortbow Attack!
The centaur shoots an arrow.
The arrow hits you!
* * * LOW HITPOINT WARNING * * *
You take 8 damage, and have 6/34 hp.
MASSIVE DAMAGE!!
Duvessa misses the lemure.
The centaur shoots an arrow.
The arrow hits Duvessa.
The lemure barely misses you.
Duvessa barely misses the lemure.
The centaur shoots an arrow.
The arrow hits Duvessa.
Duvessa misses the lemure.
The lemure misses you.
The centaur shoots an arrow.
The arrow misses Duvessa.
The arrow closely misses you. What are your orders? t - Shout!
Orders for allies: a - Attack new target. p - Attack previous target. r - Retreat! s - Stop attacking. g - Guard the area. f - Follow me.
Anything else - Cancel.
Gang up on whom?
Press: ? - help, Dir - move target, f/p - centaur
Aim: a centaur, wielding a +0 shortbow Attack!
Duvessa hits the lemure with a +0 short sword.
The centaur shoots an arrow.
The arrow hits Duvessa!
The lemure barely misses you.
Duvessa hits the lemure with a +0 short sword.
The centaur shoots an arrow.
The arrow hits you!
You die...

##...#
#....#
#.$..#
#.c..#
##....#
#.....#
#..e.#
#55<@#
.......###
....r..
..##### .


You could see 2 lemures, a centaur, a quokka and the friendly Duvessa (charmed,
berserk).

Vanquished Creatures
  Blork the orc (D:4)
  A bombardier beetle (D:4)
  A jelly (D:4)
  An orc priest (D:3)
  Ijyb (D:4)
  4 adders
  3 dart slugs
  4 ribbon worms
  3 orcs (D:3)
  3 ball pythons
  10 endoplasms
  3 giant cockroaches
  9 goblins
  5 hobgoblins
  8 jackals
  A quokka (D:3)
  3 bats
  5 frilled lizards
  4 kobolds
  10 rats
80 creatures vanquished.

Vanquished Creatures (collateral kills)
  A goblin (D:4)
1 creature vanquished.

Vanquished Creatures (others)
  Dowan (D:4)
  2 fulminant prisms (D:4)
3 creatures vanquished.

Grand Total: 84 creatures vanquished

Notes
Turn   | Place    | Note
-------+----------+-------------------------------------------
     0 | D:1      | jasper the Deep Elf Conjurer began the quest for the Orb.
     0 | D:1      | Reached XP level 1. HP: 10/10 MP: 6/6
   189 | D:1      | Reached XP level 2. HP: 16/16 MP: 6/8
   195 | D:1      | Learned a level 2 spell: Searing Ray
   268 | D:1      | Reached skill level 1 in Fighting
   588 | D:1      | Reached XP level 3. HP: 20/20 MP: 6/9
  1089 | D:2      | Reached skill level 5 in Conjurations
  1867 | D:3      | Found a faded altar of an unknown god.
  1916 | D:3      | You fall into a shaft and drop 1 floor!
  1948 | D:4      | Noticed Dowan
  1994 | D:4      | Reached XP level 4. HP: 25/25 MP: 10/10
  2035 | D:4      | Learned a level 4 spell: Fulminant Prism
  2131 | D:3      | Reached skill level 1 in Alchemy
  2567 | D:3      | Reached skill level 6 in Conjurations
  2567 | D:3      | Reached XP level 5. HP: 23/29 MP: 11/11
  2923 | D:3      | Found a runed translucent door.
  2924 | D:3      | Noticed Crazy Yiuf
  3159 | D:4      | Noticed Ijyb
  3172 | D:4      | Killed Ijyb
  3349 | D:4      | Found a staircase to the Ecumenical Temple.
  3358 | Temple   | Entered the Ecumenical Temple
  3379 | Temple   | Became a worshipper of Vehumet
  3514 | D:4      | Noticed Blork the orc
  3526 | D:4      | Killed Blork the orc
  3527 | D:4      | Reached skill level 7 in Conjurations
  3527 | D:4      | Reached XP level 6. HP: 22/34 MP: 12/12
  3532 | D:4      | Learned a level 4 spell: Iskenderun's Mystic Blast
  3653 | D:5      | Entered Level 5 of the Dungeon
  3666 | D:4      | Noticed Duvessa
  3668 | D:4      | Your ally Dowan died
  3685 | D:5      | Shot with an arrow by a centaur

Illustrated notes

Levels and vault maps discovered:
D:1:      giann_horns, layout_rooms, chequers_serial_rivers_micro_c,
          st_stairs_11
D:2:      layout_basic
D:3:      layout_basic, hellmonk_ecumenical_altar_crossroads,
          kennysheep_decorative_pillar, moated_statue, minmay_strange_pillars,
          uniq_crazy_yiuf_cottage
D:4:      layout_loops_ring, minmay_temple_entry_fiery, uniq_blork_the_orc,
          uniq_ijyb, uniq_duvessa
D:5:      layout_basic, tgw_xom, kennysheep_little_box, nrook_pool_corridor,
          uniq_sigmund, uniq_pikel
Temple:   regret_index_temple_waves

Skill      XL: |  1  2  3  4  5 |
---------------+----------------+-----
Dodging        | 3 |  3.2
Fighting       | 1 |  1.1
Conjurations   | 5 6 7 |  7.0
Alchemy        | 2 3 |  3.1
Stealth        | |  2.4
Spellcasting   | |  3.0
Translocations | |  0.6

Action                     |  1- 3 |  4- 6 || total
---------------------------+-------+-------++-------
   Cast: Magic Dart        |    63 |    44 ||   107
         Searing Ray       |     8 |    17 ||    25
         Fulminant Prism   |       |     2 ||     2
  Evoke: Wand              |       |     5 ||     5
    Use: Scroll            |     7 |       ||     7
 Armour: Robe              |     1 |    12 ||    13
  Dodge: Dodged            |     4 |    20 ||    24

Table legend: (Time is in decaauts)
 A = Elapsed time spent in this place.
 B = Non-inter-level travel time spent in this place.
 C = Inter-level travel time spent in this place.
 D = Time resting spent in this place.
 E = Time spent auto-exploring this place.
 F = Levels seen in this place.
 G = Mean time per level.
                   A        B        C        D        E       F      G
               +--------+--------+--------+--------+--------+-----+--------+
         Total |   3683 |   3566 |    117 |    181 |   2895 |   6 |  613.8 |
       Dungeon |   3641 |   3564 |     77 |    181 |   2895 |   5 |  728.2 |
        Temple |     42 |      2 |     40 |      0 |      0 |   1 |   42.0 |
               +--------+--------+--------+--------+--------+-----+--------+

Top non-repeatable levels by time:
     D:3: 1210 daAuts
     D:1: 940 daAuts
     D:2: 789 daAuts
     D:4: 693 daAuts
  Temple: 42 daAuts
     D:5: 7 daAuts
